 Dungeon Crawl Stone Soup version 0.27.1-1-g398f81649c (webtiles) character file.

Game seed: 12397413958067809176

56 Rickety the Sneak (level 3, 0/16 HPs)
             Began as a Spriggan Enchanter on Sept 20, 2021.
             Slain by a frilled lizard (2 damage)
             ... on level 2 of the Dungeon.
             The game lasted 00:05:06 (2692 turns).

Rickety the Sneak (Spriggan Enchanter)              Turns: 2692, Time: 00:05:06

Health: 0/16       AC:  2    Str:  4    XL:     3   Next: 71%
Magic:  2/8        EV: 17    Int: 16    God:
Gold:   51         SH:  0    Dex: 16    Spells: 2/8 levels left

rFire    . . .     SeeInvis +   a - +1 dagger
rCold    . . .     Faith    .   (shield restricted)
rNeg     . . .     Spirit   .   b - +0 robe
rPois    +         Reflect  .   (helmet restricted)
rElec    .         Harm     .   (no cloak)
rCorr    .         Rampage  .   (gloves unavailable)
Will     .....                  (boots unavailable)
Stlth    +++.......             (no amulet)
HPRegen  0.05/turn              e - ring of poison resistance
MPRegen  0.11/turn              (no ring)

@: very quick
A: very small, no large weapons, unfitting armour, see invisible, speed 3
a: no special abilities


You were on level 2 of the Dungeon.
You visited 1 branch of the dungeon, and saw 2 of its levels.

You collected 51 gold pieces.

Inventory:

Hand Weapons
 a - a +1 dagger (weapon)
Missiles
 f - 17 poisoned darts (quivered)
 m - a throwing net
 n - 8 datura-tipped darts
Armour
 b - a +0 robe (worn)
Jewellery
 e - a ring of poison resistance (left hand)
Scrolls
 d - a scroll of blinking {unknown}
 g - a scroll of fog {unknown}
 h - a scroll of teleportation {unknown}
 j - a scroll of noise {unknown}
 k - a scroll of immolation {unknown}
Potions
 c - a potion of brilliance {unknown}
 i - 2 potions of magic {unknown}
 l - a potion of mutation {unknown}


   Skills:
 + Level 0.1 Fighting
 + Level 1.6 Short Blades
 + Level 2.9 Dodging
 * Level 6.0 Stealth
 + Level 3.1 Spellcasting
 + Level 4.1 Hexes


You had 2 spell levels left.
You knew the following spells:

 Your Spells              Type           Power      Damage    Failure   Level
a - Corona                Hex            16%        N/A       3%          1
b - Ensorcelled Hibernat  Hex/Ice        18%        N/A       12%         2
c - Confusing Touch       Hex            15%        N/A       11%         3

Your spell library contained the following spells:

 Spells                   Type           Power      Damage    Failure   Level
 Tukima's Dance           Hex            15%        N/A       11%         3
 Dazzling Flash           Conj/Hex       18%        N/A       24%         3


Dungeon Overview and Level Annotations

Branches:
Dungeon (2/15)

Altars:

Shops:
D:1 ?


Innate Abilities, Weirdness & Mutations

You are very small and have problems with some larger weapons.
You are too small for most types of armour.
You have supernaturally acute eyesight. (SInv)
You cover ground extremely quickly. (Speed+++)


Message History

The dart slug launches a dart at you. The slug dart hits you.
You see here 8 datura-tipped darts.
n - 8 datura-tipped darts
Found 16 sling bullets.
You see here 10 gold pieces.
Casting: Ensorcelled Hibernation (safe; 12% risk of failure)
Confirm with . or Enter, or press ? or * to list all spells.
Aiming: Ensorcelled Hibernation (safe; 12% risk of failure)
Press: ? - help, Shift-Dir - straight line, f - dart slug
Aim: a dart slug (chance to affect: 58%)
The dart slug resists with significant effort.
The dart slug launches a dart at you. The slug dart misses you.
The slug dart misses the frilled lizard.
The dart slug closely misses you.
Casting: Ensorcelled Hibernation (safe; 12% risk of failure)
Confirm with . or Enter, or press ? or * to list all spells.
Aiming: Ensorcelled Hibernation (safe; 12% risk of failure)
Press: ? - help, Shift-Dir - straight line, f/p - dart slug
Aim: a dart slug (chance to affect: 58%)
The dart slug resists with significant effort.
Casting: Ensorcelled Hibernation (safe; 12% risk of failure)
Confirm with . or Enter, or press ? or * to list all spells.
You don't have enough magic to cast this spell.
Unknown command.
You hit the dart slug.
The dart slug is lightly wounded.
The dart slug launches a dart at you. The slug dart hits you.
* * * LOW HITPOINT WARNING * * *
The frilled lizard misses you. The dart slug launches a dart at you.
The slug dart hits you.
* * * LOW HITPOINT WARNING * * *
You see here 19 stones.
You hit the dart slug.
The dart slug is heavily wounded.
The frilled lizard bites you.
You die...

#.....######...##########
##...###....###..........#
#....#........##.........#
#.....†###)....#..>......#
#.....##....##.##.)......#
#.....#..)(..#..#.#.###.##
#.....#..##..#..#.#.# #.#
#..#..#..##l.#..#...###.###
#..#..#..(@w.#..#..........
#..##.##....##.##..####..##
#.. #..######..#.....##...(
##........##..##.....#.
###.[..###...###......
.######..........##..
............####....#
##....††##.#####..#.#
......†.##.##....<#.#


You could see a dart slug and a frilled lizard.

Vanquished Creatures
  An adder (D:2)
  A dart slug (D:1)
  7 ball pythons
  3 endoplasms
  A giant cockroach (D:2)
  3 goblins
  5 hobgoblins (D:2)
  3 jackals (D:2)
  4 kobolds
  2 quokkas
  4 bats
  6 frilled lizards
  4 rats
44 creatures vanquished.

Notes
Turn   | Place    | Note
-------+----------+-------------------------------------------
     0 | D:1      | Rickety the Spriggan Enchanter began the quest for the Orb.
     0 | D:1      | Reached XP level 1. HP: 9/9 MP: 5/5
     4 | D:1      | Found Zulinui's Magic Scroll Shop.
  1018 | D:1      | Reached skill level 5 in Stealth
  1066 | D:1      | Reached XP level 2. HP: 13/13 MP: 6/6
  1074 | D:1      | Learned a level 2 spell: Ensorcelled Hibernation
  1504 | D:1      | Found a faded altar of an unknown god.
  1906 | D:2      | Reached XP level 3. HP: 11/16 MP: 8/8
  1910 | D:2      | Learned a level 3 spell: Confusing Touch
  2646 | D:2      | Reached skill level 6 in Stealth
  2692 | D:2      | Slain by a frilled lizard

Illustrated notes

Levels and vault maps discovered:
D:1:      grunt_arrival_lava_bath, layout_loops_corners, serial_shops, shop,
          shapermc_ecumenical_altar_mp_highgroup, st_stairs_13,
          kennysheep_nondescript, minmay_misc_feat_pillars
D:2:      layout_rooms, basic_altar, minmay_randomly_rotated_circles

Skill      XL: |  1  2  3 |
---------------+----------+-----
Stealth        | 5 6 |  6.0
Spellcasting   | 3 |  3.1
Hexes          | 4 |  4.1
Fighting       | |  0.1
Short Blades   | |  1.6
Dodging        | |  2.9

Action                   || total
-------------------------++-------
Melee: Dagger            ||   143
 Cast: Corona            ||     7
       Ensorcelled Hiber ||    24
 Stab: Sleeping          ||    19
       Distracted        ||     1
Armor: Robe              ||    11
Dodge: Dodged            ||   119
